 Dungeon Crawl Stone Soup version 0.26.1-2-gb8aa6d0cf2 (webtiles) character file.

Game seed: 1868753827326896973

94630 DwarfAlpaca the Contaminator (level 16, -3/115 HPs)
             Began as a Naga Venom Mage on Mar 27, 2021.
             Was a High Priest of Ru.
             Slain by an entropy weaver (5 damage)
             ... on level 2 of the Spider Nest on Mar 28, 2021.
             The game lasted 02:58:47 (34475 turns).

DwarfAlpaca the Contaminator (Naga Venom Mage)     Turns: 34475, Time: 02:58:49

Health: -3/115     AC:  5    Str:  9 (10) XL:     16   Next: 12%
Magic:  0/33       EV: 10    Int: 23      God:    Ru [*****.]
Gold:   689        SH:  0    Dex: 15 (17) Spells: 20/41 levels left

rFire    + . .     SeeInvis +   d - +9 trident of Pestilence {vorpal, Dex+2}
rCold    + . .     Faith    .   (no shield)
rNeg     . . .     Spirit   .   K - +2 robe {rC+}
rPois    +         Reflect  .   b - +2 helmet
rElec    .         Harm     .   A - scarf {repulsion}
rCorr    .         Rampage  .   n - +1 pair of gloves
Will     ++++.                  (no barding)
Stlth    +.........             a - amulet of the acrobat
HPRegen  0.29/turn              h - ring of protection from fire
MPRegen  0.23/turn              i - ring of the Mage {Wiz Will++ Int+3}

@: brilliant, silence, corroded, hasted, repel missiles, quick
A: large, see invisible, deformed body, poison resistance, slowness 2, spit
poison 1, inability to use devices, hated by all, unskilled 1, constrict 1,
missing an eye, AC +5
a: Spit Poison, Renounce Religion


You were on level 2 of the Spider Nest.
You worshipped Ru.
Ru was extremely pleased with you.
You visited 5 branches of the dungeon, and saw 23 of its levels.
You also visited: Sewer.

You collected 1838 gold pieces.
You spent 1149 gold pieces at shops.

Inventory:

Hand Weapons
 d - the +9 trident of Pestilence (weapon) {vorpal, Dex+2}
   (You found it on level 6 of the Lair of Beasts)

   It inflicts extra damage upon your enemies.
   It affects your dexterity (+2).
Armour
 b - a +2 helmet (worn)
 n - a +1 pair of gloves (worn)
 A - a scarf of repulsion (worn)
 K - a +2 robe of cold resistance (worn)
Jewellery
 a - an amulet of the acrobat (around neck)
 h - a ring of protection from fire (left hand)
 i - the ring of the Mage (right hand) {Wiz Will++ Int+3}
   (You bought it in a shop on level 12 of the Dungeon)

   [ring of wizardry]

   It improves your spell success rate.
   It affects your intelligence (+3).
   It affects your willpower, your defense against some magical effects.
Scrolls
 e - 10 scrolls of teleportation
 j - 8 scrolls of identify
 r - 9 scrolls of amnesia
 u - 3 scrolls of magic mapping
 v - 4 scrolls of blinking
 x - 6 scrolls of enchant weapon
 y - 10 scrolls of remove curse
 B - a scroll of immolation
Potions
 c - 3 potions of lignification
 g - 6 potions of flight
 k - 5 potions of resistance
 m - 2 potions of mutation
 o - 3 potions of might
 p - 2 potions of haste
 w - a potion of ambrosia {unknown}
 z - 2 potions of attraction {unknown}
 C - 2 potions of cancellation {unknown}
 G - 2 potions of brilliance
 H - 2 potions of berserk rage {unknown}


   Skills:
 - Level 1.3 Dodging
 - Level 2.6 Stealth
 + Level 13.1 Spellcasting
 * Level 9.7 Conjurations
 - Level 8.4 Transmutations
 - Level 21.2 Poison Magic


You had 20 spell levels left.
You knew the following spells:

 Your Spells              Type           Power        Failure   Level
a - Sting                 Tmut/Pois      100%         0%          1
b - Poisonous Vapours     Pois/Air       100%         1%          2
c - Mephitic Cloud        Conj/Pois/Air  76%          1%          3
d - Ignite Poison         Fire/Tmut/Pois 74%          1%          3
e - Olgreb's Toxic Radia  Pois           100%         0%          4
f - Iskenderun's Mystic   Conj/Tloc      54%          2%          4
g - Fulminant Prism       Conj/Hex       27%          2%          4

Your spell library contained the following spells:

 Spells                   Type           Power        Failure   Level
 Corona                   Hex            24%          1%          1
 Magic Dart               Conj           100%         1%          1
 Sandblast                Erth           44%          1%          1
 Passwall                 Tmut/Erth      42%          1%          2
 Searing Ray              Conj           100%         1%          2
 Conjure Flame            Conj/Fire      54%          1%          3
 Dazzling Flash           Conj/Hex       100%         1%          3
 Stone Arrow              Conj/Erth      100%         1%          3
 Petrify                  Tmut/Erth      51%          2%          4
 Portal Projectile        Hex/Tloc       44%          4%          3
 Yara's Violent Unravell  Hex/Tmut       25%          9%          5
 Cause Fear               Hex            11%          16%         4
 Lee's Rapid Deconstruct  Erth           11%          41%         5
 Silence                  Hex/Air        11%          41%         5
 Freezing Cloud           Conj/Ice/Air   22%          52%         6
 Discord                  Hex            11%          100%        8
 Summon Small Mammal      Summ           Unusable     N/A         1
 Call Imp                 Summ           Unusable     N/A         2
 Call Canine Familiar     Summ           Unusable     N/A         3
 Summon Guardian Golem    Hex/Summ       Unusable     N/A         3
 Summon Ice Beast         Ice/Summ       Unusable     N/A         4
 Summon Lightning Spire   Summ/Air       Unusable     N/A         4
 Summon Forest            Summ/Tloc      Unusable     N/A         5

Dungeon Overview and Level Annotations

Branches:
Dungeon (12/15)            Temple (1/1) D:6            Lair (6/6) D:8
  Swamp (0/4) Lair:2       Spider (1/4) Lair:4        Slime (0/5) Lair:5
    Orc (2/2) D:9             Elf (0/3) Orc:2         Sewer (visited)

Altars:
Ashenzari
Cheibriados
Dithmenos
Elyvilon
Fedhas
Gozag
Hepliaklqana
Kikubaaqudgha
Makhleb
Nemelex Xobeh
Okawaru
Qazlal
Ru
Sif Muna
Trog
Uskayaw
Vehumet
Wu Jian
Xom
Yredelemnul
Zin
The Shining One
Jiyva

Shops:
D:5 :   D:9 }   D:12 =?!   Orc:2 ?(:[

Portals:
Abyss: Lair:3

Annotations:
D:4 Blork the orc
Lair:3 2 transporters, Piqegoh's ghost, journeyman OgTm


Innate Abilities, Weirdness & Mutations

You cannot wear boots.
Your serpentine skin is tough. (AC +5)
You have supernaturally acute eyesight. (SInv)
Armour fits poorly on your strangely shaped body.
Your system is resistant to poisons. (rPois)
You cover ground very slowly.
You can spit poison.
You cannot study or use magical devices.
You are hated by all.
You are somewhat unskilled. (-1 Apt)
You can use your snake-like lower body to constrict enemies.
You are missing an eye, making it more difficult to aim.


Message History

You are lethally poisoned!
The ghost moth poisons you!
The demonic crawler is stunned by your conviction and fails to attack.
The redback bites you.
* * * LOW HITPOINT WARNING * * *
You focus your inner power and slow the redback in retribution!
You feel better.
You feel less wooden.
Your scarf of repulsion unmelds from your body.
Your +2 helmet unmelds from your body.
Your +1 pair of gloves unmelds from your body.
Your +2 robe of cold resistance unmelds from your body.
You are surrounded by a repulsion field.
You feel resistant to cold. The demonic crawler hits you!
* * * LOW HITPOINT WARNING * * *
The demonic crawler hits you.
* * * LOW HITPOINT WARNING * * *
The demonic crawler closely misses you.
The jumping spider leaps!
The entropy weaver hits you.
You die...

#.y†s........
###................
#...†........ ...
#####††..††.†$.†....
##...##†.....#.......
#.......††††^..#....^
#.^..........^s.......
#†.#.†..†..†.$ys.†....
# #....[...††@B.†...#
...........#ss°.....
###........†.†.......
##.................
^.....†......^†... ..
....$.....^. .
.#.^...#.....
.##...........


You could see a ghost moth (invisible, corona), an entropy weaver (blind), 2
demonic crawlers, a jumping spider and a redback (slow).

Vanquished Creatures
  Rupert (Lair:4)
  An entropy weaver (Spider:2)
  2 ogre magi (Orc:2)
  Erolcha (Orc:1)
  7 hydras
  Fannar (Lair:3)
  A catoblepas (Lair:6)
  A queen ant (Lair:2)
  14 two-headed ogres
  A deep troll shaman (Lair:6)
  4 death yaks (Lair:6)
  An orc high priest (Orc:1)
  Urug (Lair:6)
  Sonja (Lair:1)
  An unseen horror (D:10)
  A deep troll (Orc:2)
  A wizard (D:12)
  An iron troll (Orc:2)
  Pikel (D:4)
  3 orc knights (Orc:1)
  9 orb spiders
  13 wolf spiders
  The ghost of vesperbot the Cleaver, a novice FoFi (D:6)
  4 deep elf magi (D:12)
  2 orc sorcerers (Orc:1)
  An ugly thing (D:9)
  5 cyclopes
  13 elephants
  Maurice (Orc:2)
  2 black mambas
  A guardian serpent (shapeshifter) (D:11)
  A centaur skeleton (D:11)
  7 cane toads
  2 rime drakes
  8 komodo dragons
  A demonic crawler (Spider:2)
  Maggie (D:10)
  16 jumping spiders
  Prince Ribbit (D:6)
  2 polar bears
  2 hornets
  12 trolls
  20 blink frogs
  6 dream sheep (Lair:5)
  A shadow (D:12)
  8 wyverns
  22 redbacks
  33 yaks
  12 tarantellas
  4 basilisks
  13 soldier ants (Lair:2)
  14 water moccasins
  23 orc warriors
  A phantom (D:7)
  3 ice beasts
  4 sky beasts
  3 black bears
  A hornet zombie (D:6)
  29 ogres
  2 necrophages
  2 eyes of draining (D:11)
  23 wolves
  12 centaurs
  A lemure (D:4)
  3 big kobolds
  10 bullfrogs
  A wyvern zombie (D:12)
  A scorpion (D:6)
  13 killer bees
  7 howler monkeys
  8 wights
  8 electric eels
  10 hounds
  3 jellies
  12 orc priests
  3 bullfrog skeletons
  23 orc wizards
  4 iguanas
  6 hell rats (Lair:1)
  44 worker ants
  3 hound zombies
  2 hound skeletons
  A worker ant zombie (D:6)
  Robin (D:4)
  3 gnolls (D:9)
  4 river rats
  17 adders
  A shadow imp (D:10)
  A white imp (D:6)
  An ufetubus (D:5)
  4 oozes (Sewer)
  3 adder skeletons
  6 worms
  2 dart slugs
  6 leopard geckos
  77 orcs
  5 giant cockroaches
  14 goblins
  10 hobgoblins
  8 jackals
  23 kobolds
  8 quokkas
  4 ball pythons
  15 bats
  5 frilled lizards
  A leopard gecko skeleton (D:4)
  A quokka skeleton (D:9)
  9 rats
  A bush (D:4)
  2 butterflies (Lair:1)
781 creatures vanquished.

Vanquished Creatures (others)
  An elephant (Lair:6)
  A cane toad (Lair:6)
  A tarantella (Spider:2)
  A redback (Spider:1)
  A basilisk (Lair:1)
  An ice beast (D:11)
  A centaur (D:7)
  A worker ant (Lair:2)
  An adder (D:8)
  8 fulminant prisms (Lair:6)
  66 fungi
  108 plants
191 creatures vanquished.

Grand Total: 972 creatures vanquished

Notes
Turn   | Place    | Note
-------+----------+-------------------------------------------
     0 | D:1      | DwarfAlpaca the Naga Venom Mage began the quest for the
                  | Orb.
     0 | D:1      | Reached XP level 1. HP: 15/15 MP: 3/3
   149 | D:1      | Reached XP level 2. HP: 22/22 MP: 5/5
   152 | D:1      | Learned a level 2 spell: Poisonous Vapours
   785 | D:1      | Reached XP level 3. HP: 28/28 MP: 1/6
   789 | D:1      | Learned a level 3 spell: Mephitic Cloud
  1079 | D:1      | Reached skill level 5 in Poison Magic
  1947 | D:2      | Reached XP level 4. HP: 36/36 MP: 5/7
  2745 | D:3      | Reached skill level 6 in Poison Magic
  3164 | D:4      | Reached XP level 5. HP: 42/42 MP: 9/9
  3200 | D:4      | Learned a level 3 spell: Ignite Poison
  3742 | D:4      | Reached skill level 7 in Poison Magic
  3742 | D:4      | Reached XP level 6. HP: 10/49 MP: 0/11
  4260 | D:4      | Found a sparkling altar of Nemelex Xobeh.
  4260 | D:4      | Noticed Robin
  4286 | D:4      | Killed Robin
  4483 | D:4      | Noticed Blork the orc
  4733 | D:4      | Noticed Pikel
  4762 | D:4      | Killed Pikel
  4763 | D:4      | Reached skill level 9 in Poison Magic
  4763 | D:4      | Reached XP level 7. HP: 20/55 MP: 1/14
  5594 | D:4      | Learned a level 4 spell: Olgreb's Toxic Radiance
  5597 | D:5      | Entered Level 5 of the Dungeon
  5795 | D:5      | Found Duiru's Book Shop.
  5968 | D:5      | Reached skill level 5 in Spellcasting
  5968 | D:5      | Reached skill level 10 in Poison Magic
  5968 | D:5      | Reached XP level 8. HP: 62/62 MP: 3/15
  6023 | D:5      | Found a glowing drain.
  6032 | Sewer    | Entered a sewer
  6714 | D:5      | Found a sacrificial altar of Ru.
  6818 | D:5      | Became a worshipper of Ru the Awakened
  7329 | D:6      | Found a runed translucent gate.
  7329 | D:6      | Found a runed translucent gate.
  7331 | D:6      | Found a runed translucent gate.
  7334 | D:6      | Noticed vesperbot's ghost (novice FoFi)
  7419 | D:6      | Reached skill level 11 in Poison Magic
  7940 | D:6      | Found a staircase to the Ecumenical Temple.
  7947 | Temple   | Entered the Ecumenical Temple
  8125 | D:6      | Reached skill level 12 in Poison Magic
  8125 | D:6      | Reached XP level 9. HP: 32/68 MP: 9/18
  8202 | D:6      | Noticed Prince Ribbit
  8207 | D:6      | Killed Prince Ribbit
  9188 | D:7      | Reached skill level 13 in Poison Magic
  9290 | D:7      | Gained mutation: You are hated by all. [Ru sacrifice]
  9290 | D:7      | Reached * piety under Ru
  9799 | D:7      | Found a bloodstained altar of Trog.
  9992 | D:8      | Reached skill level 14 in Poison Magic
 10212 | D:8      | Reached XP level 10. HP: 27/75 MP: 13/21
 10970 | D:8      | Reached skill level 15 in Poison Magic
 11190 | D:8      | Found a staircase to the Lair.
 11777 | D:8      | Noticed a two-headed ogre
 12113 | D:9      | Noticed a brown ugly thing
 12312 | D:9      | Noticed a two-headed ogre
 12556 | D:9      | Found Xouvvof's Gadget Emporium.
 12594 | D:9      | Got a twisted war axe
 12594 | D:9      | Identified the +3 war axe "Ixkativ" {speed, rC+ Str+2
                  | Dex+2} (You found it on level 9 of the Dungeon)
 12649 | D:9      | Gained mutation: You cannot study or use magical devices.
                  | [Ru sacrifice]
 12649 | D:9      | Reached ** piety under Ru
 12649 | D:9      | Reached *** piety under Ru
 12700 | D:9      | Killed a two-headed ogre
 12701 | D:9      | Reached skill level 16 in Poison Magic
 12879 | D:9      | Killed a brown ugly thing
 12880 | D:9      | Reached XP level 11. HP: 81/81 MP: 12/23
 13069 | D:9      | Found a staircase to the Orcish Mines.
 13360 | D:10     | Entered Level 10 of the Dungeon
 13497 | D:10     | Reached skill level 17 in Poison Magic
 13641 | D:10     | Noticed an unseen horror
 13647 | D:10     | Killed an unseen horror
 13771 | D:10     | Noticed Maggie
 14610 | D:10     | Noticed a two-headed ogre
 14622 | D:10     | Killed a two-headed ogre
 14623 | D:10     | Noticed a two-headed ogre
 14914 | D:10     | Killed Maggie
 14972 | D:10     | Killed a two-headed ogre
 15319 | D:6      | Killed vesperbot's ghost
 15320 | D:6      | Reached skill level 18 in Poison Magic
 15694 | D:8      | Killed a two-headed ogre
 15695 | D:8      | Reached skill level 10 in Spellcasting
 15750 | Lair:1   | Entered Level 1 of the Lair of Beasts
 15944 | Lair:1   | Gained mutation: You are somewhat unskilled. (-1 Apt) [Ru
                  | sacrifice]
 15944 | Lair:1   | Reduced skill Transmutations to level 1
 15944 | Lair:1   | Reduced skill Poison Magic to level 17
 15944 | Lair:1   | Reached **** piety under Ru
 15944 | Lair:1   | Reached ***** piety under Ru
 16241 | Lair:1   | Reached XP level 12. HP: 55/88 MP: 14/25
 16564 | Lair:1   | Noticed Sonja
 16569 | Lair:1   | Killed Sonja
 17802 | Lair:2   | Noticed a queen ant
 17808 | Lair:2   | Reached skill level 18 in Poison Magic
 17810 | Lair:2   | Killed a queen ant
 17983 | Lair:2   | Reached skill level 10 in Spellcasting
 18556 | Lair:2   | Found a staircase to the Swamp.
 19084 | Lair:3   | Noticed Fannar
 19135 | Lair:3   | Reached skill level 5 in Transmutations
 19328 | Lair:3   | Gained mutation: You can use your snake-like lower body to
                  | constrict enemies. [Naga growth]
 19328 | Lair:3   | Reached XP level 13. HP: 94/94 MP: 19/27
 19341 | Lair:3   | Killed Fannar
 19881 | Lair:3   | Identified the +5 demon trident of Objectivity {distort,
                  | Dex+3}
 19892 | Lair:3   | Found a transporter.
 19910 | Lair:3   | Found a transporter.
 19911 | Lair:3   | Found a one-way gate to the infinite horrors of the Abyss.
 19913 | Lair:3   | Noticed Piqegoh's ghost (journeyman OgTm)
 20386 | Lair:3   | Reached skill level 19 in Poison Magic
 20837 | Lair:4   | Found a hole to the Spider Nest.
 21225 | Lair:4   | Noticed Rupert
 21760 | Lair:4   | Killed Rupert
 22588 | Orc:1    | Entered Level 1 of the Orcish Mines
 23127 | Orc:1    | You fall into a shaft and drop 1 floor!
 23127 | Orc:2    | Entered Level 2 of the Orcish Mines
 23646 | Orc:2    | Found a staircase to the Elven Halls.
 23680 | Orc:2    | Found Hycreoge's Weapon Boutique.
 23682 | Orc:2    | Noticed an ogre mage
 23684 | Orc:2    | Killed an ogre mage
 23686 | Orc:2    | Reached skill level 20 in Poison Magic
 23694 | Orc:2    | Reached XP level 14. HP: 77/102 MP: 11/29
 24097 | Orc:2    | Noticed Maurice
 24105 | Orc:2    | Killed Maurice
 24172 | Orc:2    | Found Kysic's Antique Armour Shop.
 24173 | Orc:2    | Found Ymia's Magic Scroll Boutique.
 24521 | Orc:2    | Found Deoromm's Book Shoppe.
 24529 | Orc:2    | Bought a fine cloak for 266 gold pieces
 24571 | Orc:2    | Identified the +2 cloak of Polish {rC+++ rCorr Int-3 SInv}
                  | (You bought it in a shop on level 2 of the Orcish Mines)
 25476 | Orc:1    | Noticed Erolcha
 25481 | Orc:1    | Killed Erolcha
 25773 | Orc:1    | Found a bloodstained altar of Trog.
 26986 | D:11     | Reached skill level 21 in Poison Magic
 27431 | D:12     | Gained mutation: You are missing an eye, making it more
                  | difficult to aim. [Ru sacrifice]
 27584 | D:12     | Identified the Grimoire of Axaxaxas mlö
 27591 | D:12     | Identified Ts'ui Pên's Catalogue of Forking Paths
 27598 | D:12     | Identified the Papyrus of Sand
 28061 | D:12     | Found Peubenin's Distillery.
 28070 | D:12     | Bought a potion of curing for 45 gold pieces
 28070 | D:12     | Bought a potion of haste for 150 gold pieces
 28070 | D:12     | Bought a potion of mutation for 120 gold pieces
 28157 | D:12     | Found Lesuisi's Magic Scroll Shoppe.
 28388 | D:12     | Found Reibluah's Jewellery Shop.
 28394 | D:12     | Bought the ring of the Mage {Wiz Will++ Int+3} for 568 gold
                  | pieces
 28394 | D:12     | Found the ring of the Mage {Wiz Will++ Int+3}
 28469 | D:12     | Reached skill level 1 in Conjurations
 28929 | Lair:4   | HP: 5/102 [black mamba (8)]
 29562 | Lair:6   | Entered Level 6 of the Lair of Beasts
 29598 | Lair:6   | Noticed Urug
 29604 | Lair:6   | Killed Urug
 29869 | Lair:5   | Reached XP level 15. HP: 19/99 MP: 6/31
 30349 | Lair:5   | Found a staircase to the Slime Pits.
 30349 | Lair:5   | Found a viscous altar of Jiyva.
 30899 | Lair:6   | Reached skill level 5 in Conjurations
 31314 | Lair:6   | Learned a level 4 spell: Iskenderun's Mystic Blast
 31326 | Lair:6   | Learned a level 4 spell: Fulminant Prism
 32580 | Lair:6   | Got a crystal trident
 32580 | Lair:6   | Identified the +9 trident of Pestilence {vorpal, Dex+2}
                  | (You found it on level 6 of the Lair of Beasts)
 33296 | Spider:1 | Entered Level 1 of the Spider Nest
 34360 | Spider:1 | You fall into a shaft and drop 1 floor!
 34406 | Spider:2 | HP: 1/108 [disintegration (38)]
 34434 | Spider:2 | Reached XP level 16. HP: 10/103 MP: 1/33
 34466 | Spider:2 | Identified a scroll of acquirement
 34466 | Spider:2 | Acquired the amulet "Gacif" {RegenMP Dex+7}
 34475 | Spider:2 | HP: 4/115 [demonic crawler (8)]
 34475 | Spider:2 | Slain by an entropy weaver

Illustrated notes

Levels and vault maps discovered:
D:1:      giann_forest_graveyard, layout_basic
D:2:      layout_basic
D:3:      layout_rooms, ebering_dispersal_statue_hall, minmay_cut_off
D:4:      layout_basic, serial_forest, infiniplex_forest_clump_medium,
          infiniplex_forest_clump_diagonal, infiniplex_forest_lined_corner,
          infiniplex_forest_lined_3_way, infiniplex_forest_end_3,
          infiniplex_forest_straight_2, infiniplex_forest_corner_2,
          minmay_strange_pillars, kennysheep_cluttered_room,
          nemelex_xobeh_ov_fountains_minmay, uniq_robin, uniq_blork_the_orc,
          uniq_pikel
D:5:      layout_basic, serial_shops, shop, portal_sewer_entry_e,
          nicolae_ru_path_of_blood
D:6:      layout_loops_ring, minmay_temple_entry_junction_2,
          gammafunk_ghost_split, uniq_prince_ribbit1
D:7:      layout_rooms, marbit_many_paths
D:8:      layout_loops_ring, erik_lair_island, minivault_23
D:9:      layout_cave_pools, david_orc_2, serial_shops, shop, feat_on_display
D:10:     layout_gridville, minmay_misc_feat_rows, uniq_maggie
D:11:     layout_roguey
D:12:     layout_roguey, serial_shops, shop, shop, shop, kennysheep_crisscross,
          minivault_1, chequers_serial_rivers_micro_d, minmay_strange_pillars,
          bh_hangedman_babel_library
Temple:   compressed_dpeg_circular_temple
Lair:1:   layout_long_grid, serial_bayou_shore_a, lemuel_fruit_fields,
          grunt_megastairs_1, uniq_sonja
Lair:2:   layout_chaotic_city, minmay_swamp_entry_wisps, zaba_anthell,
          lemuel_fruit_fields, grunt_megastairs_2, infiniplex_staircase_pool_2
Lair:3:   layout_cave_shapes, serial_bayou, serial_bayou_pond_c,
          serial_bayou_pond_a, serial_bayou_pond_e, serial_bayou_shore_b,
          serial_bayou_pond_c, serial_bayou_lagoon_a,
          gammafunk_ghost_abyssal_escape, uniq_fannar
Lair:4:   layout_regular_city, spider_nest_entry_web_field, uniq_rupert
Lair:5:   layout_big_grid, slime_altar_1
Lair:6:   grunt_lair_end_beastmaster, layout_regular_city, uniq_urug
Spider:1: layout_spider_delve, hangedman_spider_tarantella_strand
Spider:2: layout_spider_delve, nicolae_spider_cling_halls
Orc:1:    layout_diamond_mine, bloody_trog, uniq_erolcha
Orc:2:    st_orc_open, layout_caves, nicolae_orc_lava_room, uniq_maurice

Skill      XL: |  1  2  3  4  5  6  7  8  9 10 11 12 13 14 15 |
---------------+----------------------------------------------+-----
Poison Magic   | 5 6 7 9 10 12 14 16 17 18 20 21 | 21.2
Transmutations | 2 2 5 7 8 |  8.4
Spellcasting   | 3 4 5 6 7 8 9 10 11 12 13 | 13.1
Stealth        | 2 |  2.6
Conjurations   | 3 9 |  9.7
Dodging        | |  1.3

Action                   |  1- 3 |  4- 6 |  7- 9 | 10-12 | 13-15 | 16-18 || total
-------------------------+-------+-------+-------+-------+-------+-------++-------
Melee: Spear             |    38 |    49 |       |       |       |       ||    87
       Unarmed           |     1 |       |       |       |       |       ||     1
       Whip              |       |       |   313 |    37 |       |       ||   350
       War axe           |       |       |       |   166 |   337 |       ||   503
       Constrict         |       |       |       |       |    89 |     1 ||    90
       Trident           |       |       |       |       |    41 |     3 ||    44
 Cast: Sting             |    11 |    62 |    96 |    25 |    12 |       ||   206
       Poisonous Vapours |    20 |    18 |    21 |    43 |    55 |       ||   157
       Ignite Poison     |       |       |    19 |    57 |    71 |     1 ||   148
       Olgreb's Toxic Ra |       |       |    10 |    85 |   149 |     1 ||   245
       Mephitic Cloud    |       |       |    14 |    13 |    27 |       ||    54
       Iskenderun's Myst |       |       |       |       |    15 |     1 ||    16
       Fulminant Prism   |       |       |       |       |     8 |       ||     8
Invok: Sacrifice Love    |       |       |     1 |       |       |       ||     1
       Sacrifice Artific |       |       |       |     1 |       |       ||     1
       Sacrifice Skill   |       |       |       |     1 |       |       ||     1
       Apocalypse        |       |       |       |     1 |     5 |       ||     6
       Reject Sacrifices |       |       |       |       |     2 |       ||     2
       Draw Out Power    |       |       |       |       |     1 |       ||     1
       Power Leap        |       |       |       |       |     1 |       ||     1
       Sacrifice an Eye  |       |       |       |       |     1 |       ||     1
 Abil: Spit Poison       |    21 |    41 |    45 |    22 |     4 |     1 ||   134
  Use: Scroll            |       |     5 |       |     3 |     9 |     7 ||    24
       Potion            |       |       |     1 |       |     1 |    24 ||    26
 Stab: Sleeping          |     3 |       |     2 |     2 |     3 |       ||    10
       Invisible         |       |       |       |     5 |     6 |       ||    11
       Paralysed         |       |       |       |       |     6 |       ||     6
       Distracted        |       |       |       |       |     1 |       ||     1
Armor: Robe              |    12 |    36 |    60 |    75 |   145 |     6 ||   334
       Skin              |       |       |       |       |       |    69 ||    69
Dodge: Dodged            |    34 |    58 |   114 |   157 |   304 |    13 ||   680
       Repelled          |       |       |       |     3 |     1 |       ||     4
